Map: Equilibrium LE

Players

Pacomike

  • Race: Protoss Protoss
  • League: Grandmaster
  • Spawn Location: 1:00

llllllllllll - Winner!

  • Race: Protoss Protoss
  • League: Grandmaster
  • Spawn Location: 11:00

VOD

Have the link to the VOD?

Description

Time

  • Played on: Oct. 8, 2023, 8:33 p.m.
  • Length: 3:58
Show
View Real Time Build Order
Export as new Build Order

Pacomike Protoss 

Build Orders: Oracle Opening 

Get SALT Encoding   

  12  0:00  Probe  
  13  0:12  Probe  
  14  0:18  Pylon  
  14  0:24  Probe (Chrono Boost)  
  15  0:37  Probe (Chrono Boost)  
  15  0:38  Gateway  
  16  0:44  Probe (Chrono Boost)  
  16  0:46  Assimilator  
  17  0:52  Probe  
  17  0:55  Assimilator  
  18  1:04  Probe (Chrono Boost)  
  19  1:09  Gateway  
  19  1:13  Probe (Chrono Boost)  
  19  1:18  Probe (Chrono Boost)  
  20  1:25  Cybernetics Core  
  21  1:31  Probe  
  22  1:34  Pylon  
  22  1:43  Probe  
  23  1:55  Probe  
  23  1:59  Warp Gate (Chrono Boost)  
  24  2:01  Stalker x2  
  24  2:07  Probe  
  29  2:16  Pylon  
  29  2:19  Probe  
  30  2:31  Probe  
  31  2:38  Stargate  
  31  2:43  Probe  
  32  2:45  Pylon  
  32  3:01  Nexus  
  32  3:10  Shield Battery  
  32  3:11  Probe  
  33  3:23  Oracle (Chrono Boost)  
  36  3:28  Probe  
  37  3:41  Probe  
  38  3:42  Stalker  
  38  3:43  Stalker  
  42  3:49  Shield Battery  
Show
View Real Time Build Order
Export as new Build Order

llllllllllll Protoss - Winner!

Build Orders:  

Get SALT Encoding   

  12  0:00  Probe  
  13  0:12  Probe  
  14  0:17  Pylon  
  14  0:24  Probe (Chrono Boost)  
  15  0:37  Gateway, Probe (Chrono Boost)  
  16  0:43  Probe (Chrono Boost)  
  16  0:45  Assimilator  
  17  0:52  Probe  
  17  0:54  Assimilator  
  19  1:04  Probe (Chrono Boost)  
  19  1:06  Gateway  
  19  1:13  Probe (Chrono Boost)  
  19  1:18  Probe  
  21  1:26  Cybernetics Core  
  21  1:30  Probe  
  22  1:33  Pylon  
  22  1:42  Probe  
  23  1:59  Warp Gate (Chrono Boost)  
  24  2:02  Adept x2  
  27  2:19  Nexus  
  27  2:33  Adept x2  
  30  2:38  Pylon  
  30  2:54  Robotics Facility  
  31  3:03  Adept x2  
  34  3:09  Pylon  
  34  3:31  Shield Battery  
  34  3:41  Adept x2  
Tags
 
Add a new tag
Caveats
  • Supply blocks, unpowered buildings, or Contaminate may cause inaccurate times.
  • Supply counts are checked every 10 seconds.